 Dungeon Crawl Stone Soup version 0.30.1-3-gfc49f6343a (webtiles) character file.

Game seed: 12540984991410665354

146797 Sinop the Acrobat (level 16, -2/87 HPs)
             Began as a Felid Summoner on July 18, 2023.
             Was an Initiate of Gozag.
             Slain by a +4 short sword of electrocution (12 damage)
             ... on level 2 of the Elven Halls on July 20, 2023.
             The game lasted 06:28:00 (55048 turns).

Sinop the Acrobat (Felid Summoner)                 Turns: 55048, Time: 06:28:00

Health: -2/87      AC:  3    Str:  4    XL:     16   Next: 26%
Magic:  26/36      EV: 34    Int: 28    God:    Gozag
Gold:   1653       SH:  0    Dex: 18    Spells: 0/46 levels left
                                        Lives:  0   Deaths: 3

rFire   + + .        (weapon unavailable)
rCold   + . .        (shield unavailable)
rNeg    . . .        (body armour unavailable)
rPois   +            (helmet unavailable)
rElec   .            (cloak unavailable)
rCorr   .            (gloves unavailable)
SInv    +            (boots unavailable)
Will    ++...        H - amulet of magic regeneration
Stlth   ++           X - ring of wizardry
HPRegen 0.34/turn    J - ring of the Lusting Saviour {rPois rF++ Int+5 Slay+4}
MPRegen 0.65/turn

%: wizardry (x1)
@: studying Spellcasting, quick
A: very small, claws 1, fangs 3, see invisible, speed 1, shaggy fur 3, stealthy
paws, no weapons or thrown items, no armour, multi-lived
}: 2/15 runes: serpentine, barnacled
a: Renounce Religion, Potion Petition, Call Merchant, Bribe Branch


You were on level 2 of the Elven Halls.
You worshipped Gozag.
Gozag was most pleased with you.
You visited 8 branches of the dungeon, and saw 35 of its levels.
You visited 1 bazaar.

You collected 12985 gold pieces.
You spent 4915 gold pieces at shops.
You paid 6417 gold pieces to Gozag.

Inventory:

Jewellery
 g - the ring "Higatir" {rF+ rC+ Will+ Dex+2}
   (You took it off a merfolk on level 4 of the Shoals)

   [ring of protection from cold]

   Dex:       It affects your dexterity (+2).
   rF:        It protects you from fire.
   rC:        It protects you from cold.
   Will:      It increases your willpower.
 i - a +5 ring of evasion
 k - a +6 ring of dexterity
 n - a ring of flight
 o - a +6 ring of strength
 s - an amulet of guardian spirit
 E - a ring of fire
 H - an amulet of magic regeneration (around neck)
 J - the ring of the Lusting Saviour (right paw) {rPois rF++ Int+5 Slay+4}
   (You bought it in a shop on level 1 of the Lair of Beasts)

   [ring of poison resistance]

   Int:       It affects your intelligence (+5).
   Slay:      It affects your accuracy & damage with ranged weapons and melee
   (+4).
   rF:        It greatly protects you from fire.
   rPois:     It protects you from poison.
 N - an amulet of the acrobat
 O - a ring of ice
 R - a ring of protection from cold
 V - a +4 ring of protection
 X - a ring of wizardry (left paw)
 Z - the ring "Dizieri" {rElec rPois rC++ Dex+2 Stlth+}
   (You found it on level 1 of the Elven Halls)

   [ring of poison resistance]

   Dex:       It affects your dexterity (+2).
   rC:        It greatly protects you from cold.
   rElec:     It insulates you from electricity.
   rPois:     It protects you from poison.
   Stlth:     It makes you more stealthy.
Wands
 p - a wand of roots (19)
 y - a wand of flame (50)
 C - a wand of mindburst (22)
 D - a wand of paralysis (36)
 F - a wand of digging (15)
 K - a wand of acid (16)
 S - a wand of polymorph (9)
Scrolls
 d - 7 scrolls of poison
 e - 7 scrolls of vulnerability
 j - 10 scrolls of immolation
 m - 2 scrolls of magic mapping
 q - 12 scrolls of teleportation
 r - 9 scrolls of amnesia
 v - 8 scrolls of fog
 x - a scroll of butterflies
 I - 13 scrolls of identify
 P - 9 scrolls of enchant weapon
 Q - 2 scrolls of fear
 U - 2 scrolls of silence
Potions
 a - 3 potions of magic
 b - 19 potions of curing
 c - 7 potions of haste
 f - 7 potions of mutation
 h - 7 potions of brilliance
 l - 5 potions of berserk rage
 t - 3 potions of might
 u - 4 potions of attraction
 w - 2 potions of ambrosia
 z - 3 potions of lignification
 A - 9 potions of heal wounds
 L - a potion of cancellation
 M - a potion of flight
 W - 2 potions of invisibility
 Y - a potion of resistance
Miscellaneous
 T - a tin of tremorstones (2/2)


   Skills:
 + Level 18.6 Fighting
 - Level 21.2 Dodging
 - Level 2.6 Stealth
 + Level 15.5 Spellcasting
 - Level 8.0 Hexes
 + Level 13.8 Summonings
 + Level 11.1 Necromancy
 - Level 5.0 Translocations
 - Level 5.0 Ice Magic
 - Level 7.0 Air Magic


You couldn't memorise any spells.
You knew the following spells:

 Your Spells              Type           Power      Damage    Failure   Level
a - Summon Small Mammal   Summ           100%       N/A       0%          1
b - Call Imp              Summ           100%       N/A       0%          2
c - Call Canine Familiar  Summ           78%        N/A       0%          3
d - Summon Guardian Gole  Hex/Summ       70%        N/A       1%          3
e - Summon Lightning Spi  Summ/Air       68%        N/A       1%          4
f - Blink                 Tloc           98%        N/A       1%          2
g - Anguish               Hex/Necr       33%        N/A       1%          4
h - Silence               Hex/Air        29%        N/A       1%          5
i - Summon Ice Beast      Ice/Summ       65%        N/A       1%          4
j - Leda's Liquefaction   Hex/Erth       22%        N/A       1%          4
k - Tukima's Dance        Hex            61%        N/A       1%          3
l - Haunt                 Necr/Summ      37%        N/A       4%          7
m - Passage of Golubria   Tloc           49%        N/A       1%          4

Your spell library contained the following spells:

 Spells                   Type           Power      Damage    Failure   Level
 Necrotise                Necr           100%       1d9       0%          1
 Freeze                   Ice            100%       1d10      1%          1
 Kiss of Death            Conj/Necr      100%       2d13      1%          1
 Magic Dart               Conj           84%        1d7       1%          1
 Sting                    Tmut/Pois      84%        1d7       1%          1
 Cigotuvi's Dreadful Rot  Necr/Pois/Air  100%       N/A       1%          2
 Ensorcelled Hibernation  Hex/Ice        100%       N/A       1%          2
 Lesser Beckoning         Tloc           98%        N/A       1%          2
 Momentum Strike          Conj/Tloc      70%        3d9       1%          2
 Poisonous Vapours        Pois/Air       82%        N/A       1%          2
 Static Discharge         Conj/Air       82%        2-6/arc   1%          2
 Confusing Touch          Hex            61%        N/A       1%          3
 Dazzling Flash           Conj/Hex       88%        N/A       1%          3
 Frozen Ramparts          Ice            98%        1d15      1%          3
 Hailstorm                Conj/Ice       35%        3d9       1%          3
 Mephitic Cloud           Conj/Pois/Air  34%        N/A       1%          3
 Vampiric Draining        Necr           71%        2d11      1%          3
 Airstrike                Air            28%        2d(5-21)  1%          4
 Dispel Undead            Necr           71%        3d24      1%          4
 Agony                    Necr           71%        N/A       1%          5
 Ignite Poison            Fire/Tmut/Pois 21%        N/A       2%          3
 Spider Form              Tmut/Pois      21%        N/A       2%          3
 Ice Form                 Ice/Tmut       35%        N/A       3%          4
 Iskenderun's Mystic Bla  Conj/Tloc      35%        2d8       3%          4
 Freezing Cloud           Conj/Ice/Air   22%        6-21      4%          5
 Yara's Violent Unravell  Hex/Tmut       22%        3d10      4%          5
 Olgreb's Toxic Radiance  Pois           21%        N/A       9%          4
 Sticky Flame             Conj/Fire      21%        2d4       9%          4
 Blade Hands              Tmut           10%        N/A       26%         5
 Iskenderun's Battlesphe  Conj           21%        2d7       26%         5
 Spellforged Servitor     Conj/Summ      28%        N/A       41%         7
 Infestation              Necr           35%        N/A       50%         8
 Ozocubu's Refrigeration  Ice            24%        4d12      65%         7
 Iron Shot                Conj/Erth      10%        9d3       77%         6
 Chain Lightning          Conj/Air       20%        3d27      100%        9
 Fire Storm               Conj/Fire      10%        8d3       100%        9
 Shatter                  Erth           10%        3d12*     100%        9
 Portal Projectile        Hex/Tloc       Unusable   N/A       N/A         3
 Animate Armour           Summ/Erth      Unusable   N/A       N/A         4
 Animate Dead             Necr           Unusable   N/A       N/A         4

Dungeon Overview and Level Annotations

Branches:
Dungeon (15/15)            Temple (1/1) D:6            Lair (5/5) D:10
 Shoals (4/4) Lair:3        Snake (4/4) Lair:2        Slime (0/5) Lair:5
    Orc (2/2) D:10            Elf (3/3) Orc:2        Vaults (1/5) D:13
 Depths (0/4) D:15

Altars:
Ashenzari
Cheibriados
Dithmenos
Elyvilon
Fedhas
Gozag
Hepliaklqana
Kikubaaqudgha
Makhleb
Nemelex Xobeh
Okawaru
Qazlal
Ru
Sif Muna
Trog
Uskayaw
Vehumet
Wu Jian
Xom
Yredelemnul
Zin
The Shining One
Jiyva
Lugonu

Shops:
D:8 *   D:13 =   Orc:2 *?(!   Elf:3 =   Lair:1 =   Lair:4 ?   Lair:5 ?
Shoals:1 :   Shoals:2 :   Snake:1 =   Snake:3 ![(*

Portals:
Abyss: Lair:5

Annotations:
D:10 exclusion: oklob sapling
D:14 5 runed translucent doors
Lair:5 exclusion: 2 oklob plants
Snake:3 Vashnia


Innate Abilities, Weirdness & Mutations

You have sharp claws.
You have razor-sharp teeth.
You have supernaturally acute eyesight. (SInv)
You cover ground quickly. (Speed+)
Your thick and shaggy fur keeps you warm. (AC +3, rC+)
Your paws help you pounce on unaware monsters.
You are incapable of wielding weapons or throwing items.
You cannot wear armour.
You gain extra lives every three experience levels.


Message History

Your phantasmal warrior hits the deep elf zephyrmancer!!
Unknown command.
You scratch the +4 short sword of electrocution.
The +4 short sword of electrocution is lightly damaged.
The +4 short sword of electrocution completely misses you.
The deep elf knight hits your freezing wraith with a +0 scimitar!
The +4 short sword of electrocution closely misses you.
Your warg misses the +4 short sword of electrocution.
The deep elf knight casts a spell.
The deep elf knight flickers and vanishes for a moment.
A +2 vampiric lajatang comes into view.
The deep elf knight hits your freezing wraith with a +0 scimitar!
Your freezing wraith is destroyed!
Your freezing wraith disappears in a puff of smoke!
Unknown command.
Casting: Summon Ice Beast (safe; 1% risk of failure)
Confirm with . or Enter, or press ? or * to list all spells.
A tiny devil pulls itself out of the air.
The +4 short sword of electrocution hits you.
You are electrocuted!
Your warg bites the +4 short sword of electrocution.
The +4 short sword of electrocution hits you!
Your ice beast closely misses the +4 short sword of electrocution.
Unknown command.
The +4 short sword of electrocution hits you!
* * * LOW HITPOINT WARNING * * *
You are electrocuted!
* * * LOW HITPOINT WARNING * * *
Unknown command.
Something hits your warg!
Your warg bites the +4 short sword of electrocution!
Something hits your ice beast!!
The +4 short sword of electrocution attacks as you move away!
The +4 short sword of electrocution closely misses you.
The +4 short sword of electrocution completely misses you.
Unknown command.
Something hits your ice beast!
The +4 short sword of electrocution hits you!
You die...
Your body crumbles into a pile of gold.

#......###...§...........⌠.
#.....#)###§.(§.......#####
##..#..#.##§.§........e.# #
###....#§#eW§.....#..#####
#......#§######.##.####..
#...5.e.§§#...#######....
#.....#####.8(# #...##[..
##..h.#####...###.<.#.###
####.Y(@.....).....#.##
##...⌠........###..#
#...........[# ##.#
######.......####.#
#............#
###........⌠...#
#..............#
#.>.###...###### #...#
#.8.#


You could see a +4 short sword of electrocution (ally target), a friendly warg
(summoned) and a friendly ice beast (summoned).

Vanquished Creatures
  An ironbound preserver (D:13)
  A dancing weapon (Elf:2)
  A deep elf zephyrmancer (Elf:1)
  3 blink frogs
  A human (D:13)
  A phantom (D:5)
  A killer bee (D:8)
  2 orc wizards
  An ufetubus (D:5)
  2 dart slugs
  2 orcs
  3 giant cockroaches
  3 goblins
  2 hobgoblins (D:1)
  A kobold (D:1)
  A quokka (D:2)
  A bat (D:1)
  2 frilled lizards
  5 rats
34 creatures vanquished.

Vanquished Creatures (collateral kills)
  Rupert (D:14)
  A kraken (Shoals:1)
  Polyphemus (Shoals:3)
  Frances (D:14)
  A shadow dragon (Vaults:1)
  2 nagarajas (Snake:4)
  A deep elf annihilator (Vaults:1)
  4 dire elephants
  2 deep elf high priests
  A merfolk javelineer (Shoals:4)
  4 merfolk impalers
  2 great orbs of eyes (D:13)
  3 alligator snapping turtles
  2 catoblepae
  4 hydras
  An ogre mage (D:13)
  2 salamander tyrants (Snake:4)
  6 merfolk aquamancers
  9 anacondas
  7 merfolk avatars
  2 two-headed ogres
  A centaur warrior (D:14)
  3 boulder beetles
  5 dancing weapons
  An ironbound frostheart (Vaults:1)
  6 naga warriors
  2 satyrs
  10 death yaks
  4 naga sharpshooters
  2 thrashing horrors (Lair:5)
  A shock serpent (Snake:1)
  5 deep elf knights
  5 skysharks
  5 skeletal warriors
  2 salamander mystics (Snake:4)
  A nameless horror (Elf:2)
  8 deep trolls
  A flayed ghost (D:15)
  A wizard (Elf:1)
  2 deep elf archers
  9 sea snakes
  7 naga ritualists
  16 harpies
  An ironbound convoker (D:13)
  10 mana vipers
  12 deep elf zephyrmancers
  4 lindwurms (Lair:3)
  6 deep elf pyromancers
  A stone giant zombie (D:15)
  10 ugly things
  14 fauns
  A tengu skeleton (D:15)
  A cyclops (D:14)
  A salamander (shapeshifter) (Vaults:1)
  10 manticores
  7 merfolk sirens
  A sphinx skeleton (D:15)
  12 elephants
  10 naga magi
  5 salamanders
  25 black mambas
  A smoke demon (Lair:5)
  6 vault sentinels
  3 guardian serpents (Snake:4)
  10 water nymphs
  7 cane toads
  An efreet (D:13)
  4 rime drakes
  4 komodo dragons
  2 ancient zymes (Lair:5)
  4 yaktaurs
  A tengu conjurer (D:15)
  A meliai (D:14)
  2 trolls (D:11)
  A troll (shapeshifter) (D:14)
  10 wind drakes
  15 merfolk
  8 blink frogs
  2 hornets
  7 snapping turtles
  2 slime creatures
  6 air elementals
  A spriggan (Lair:5)
  A ynoxinul (Lair:5)
  A shadow (D:12)
  11 water elementals
  2 wyverns (Lair:5)
  3 wraiths
  A fire elemental (Elf:2)
  21 yaks
  10 humans (D:13)
  3 hogs (Lair:5)
  A golden eye (shapeshifter) (Lair:5)
  6 basilisks
  3 chaos spawn (Lair:5)
  A steam dragon (D:10)
  12 vampire mosquitoes
  10 small abominations (Lair:5)
  20 nagas
  2 wargs
  2 acid dragons
  10 water moccasins
  21 orc warriors
  An ice beast (D:5)
  A black bear (D:6)
  5 ogres
  16 wolves
  8 centaurs
  4 kobold brigands
  7 bullfrogs
  A scorpion (D:5)
  A gnoll sergeant (D:9)
  12 killer bees
  An electric eel (Lair:3)
  7 howler monkeys
  4 hounds
  A jelly (D:6)
  2 gnoll boudas
  8 orc priests
  Jessica (D:3)
  2 sleepcaps
  3 iguanas
  10 orc wizards
  16 gnolls
  7 adders
  A shadow imp (D:5)
  4 white imps (D:6)
  2 ufetubi
  A dart slug (D:5)
  48 orcs
  7 ball pythons
  3 endoplasms
  3 giant cockroaches
  4 goblins
  A hobgoblin (D:4)
  11 jackals
  3 quokkas
  2 frilled lizards
  17 kobolds
  3 tentacles (Shoals:1)
752 creatures vanquished.

Vanquished Creatures (others)
  Asterion (Elf:2)
  Kirke (Lair:5)
  2 nagarajas (Snake:4)
  A deep elf sorcerer (Elf:1)
  Aizul (Snake:1)
  2 ironbound preservers (Vaults:1)
  A dire elephant (D:13)
  A deep elf death mage (Elf:1)
  7 merfolk impalers (Shoals:4)
  A great orb of eyes (Vaults:1)
  A yaktaur captain (Vaults:1)
  A vault guard (D:13)
  A hydra (D:14)
  A boulder beetle (D:14)
  9 anacondas
  A jorogumo (shapeshifter) (D:14)
  A two-headed ogre (D:8)
  4 centaur warriors
  3 merfolk aquamancers
  2 dancing weapons
  4 death yaks
  3 death knights
  4 shock serpents
  3 naga warriors
  2 thrashing horrors (Lair:5)
  7 naga sharpshooters
  A titan zombie (D:15)
  A deep elf knight (Elf:1)
  2 skysharks (Shoals:2)
  A salamander mystic (Snake:4)
  2 skeletal warriors (D:15)
  A sea snake (Shoals:3)
  A wizard (Elf:1)
  2 naga ritualists
  An ironbound convoker (Vaults:1)
  2 deep elf archers
  2 orc knights (Orc:2)
  2 necromancers
  6 deep elf zephyrmancers (Elf:1)
  A manticore (D:14)
  5 fauns
  2 deep elf pyromancers
  3 mana vipers (Snake:1)
  2 ugly things
  A cyclops (Orc:2)
  A salamander (Snake:4)
  2 guardian serpents
  9 elephants
  A naga mage (Snake:3)
  A water nymph (Shoals:4)
  A vault sentinel (Vaults:1)
  12 black mambas
  3 cane toads
  An efreet (D:14)
  4 komodo dragons
  3 yaktaurs
  A freezing wraith (D:14)
  5 trolls
  9 merfolk
  A hornet (D:14)
  2 wind drakes (Shoals:4)
  A nameless horror (Vaults:1)
  3 blink frogs
  2 snapping turtles
  3 slime creatures (D:14)
  A shadow (D:12)
  10 water elementals
  A ynoxinul (Lair:5)
  4 air elementals (Shoals:4)
  A wyvern (D:8)
  A hog (Lair:5)
  22 yaks
  7 humans (D:13)
  A steam dragon (D:9)
  5 vampire mosquitoes
  8 nagas
  2 water moccasins
  14 orc warriors
  A black bear (D:5)
  2 ogres
  2 wolves (Lair:2)
  A boggart (Elf:1)
  5 centaurs
  A kobold brigand (D:10)
  2 bullfrogs
  3 gnoll sergeants (D:10)
  A scorpion (D:7)
  10 killer bees
  3 orc priests
  A gnoll bouda (D:7)
  5 orc wizards
  2 iguanas (D:6)
  A boggart simulacrum (D:14)
  3 gnolls
  9 orcs
  A ball python (D:10)
  17 tentacles (Shoals:1)
315 creatures vanquished.

Grand Total: 1101 creatures vanquished

Notes
Turn   | Place    | Note
-------+----------+-------------------------------------------
     0 | D:1      | Sinop the Felid Summoner began the quest for the Orb.
     0 | D:1      | Reached XP level 1. HP: 7/7 MP: 4/4
   123 | D:1      | Reached XP level 2. HP: 11/11 MP: 6/6
  1219 | D:2      | Reached XP level 3. HP: 14/14 MP: 6/8
  1440 | D:3      | Learned a level 2 spell: Call Imp
  1444 | D:3      | Learned a level 3 spell: Call Canine Familiar
  1880 | D:3      | Noticed Jessica
  1895 | D:3      | Killed Jessica
  1896 | D:3      | Reached skill level 5 in Summonings
  1896 | D:3      | Reached XP level 4. HP: 18/18 MP: 5/9
  1900 | D:3      | Learned a level 3 spell: Summon Guardian Golem
  2616 | D:4      | Reached skill level 1 in Hexes
  2620 | D:4      | Reached skill level 3 in Dodging
  2745 | D:4      | Reached XP level 5. HP: 21/21 MP: 8/11
  2749 | D:4      | Reached skill level 1 in Fighting
  3512 | D:5      | Entered Level 5 of the Dungeon
  3523 | D:5      | Gained mutation: You are covered in thick fur. (AC +2)
                  | [Felid growth]
  3523 | D:5      | Reached XP level 6. HP: 25/25 MP: 6/12
  3806 | D:5      | Reached skill level 4 in Dodging
  3914 | D:5      | Reached XP level 7. HP: 30/30 MP: 8/14
  4163 | D:5      | You fall into a shaft and drop 3 floors!
  4213 | D:8      | Found Wubenkigon's CLEARANCE SALE!.
  4224 | D:8      | Bought a scroll of immolation for 16 gold pieces
  4269 | D:8      | Noticed a wyvern
  4289 | D:8      | Reached skill level 5 in Dodging
  4432 | D:8      | Reached skill level 5 in Hexes
  4458 | D:8      | Killed a wyvern
  4459 | D:8      | Reached XP level 8. HP: 36/36 MP: 9/16
  4485 | D:8      | Reached skill level 5 in Spellcasting
  4591 | D:8      | Reached skill level 6 in Dodging
  5468 | D:6      | Found a staircase to the Ecumenical Temple.
  5479 | Temple   | Entered the Ecumenical Temple
  5486 | Temple   | Became a worshipper of Gozag Ym Sagoz the Greedy
  5696 | D:6      | Found a glowing golden altar of the Shining One.
  5719 | D:6      | Reached skill level 7 in Dodging
  5874 | D:6      | Reached skill level 5 in Fighting
  5874 | D:6      | Reached XP level 9. HP: 40/40 MP: 15/18
  5879 | D:6      | Learned a level 4 spell: Summon Lightning Spire
  6613 | D:5      | Found a shadowy altar of Dithmenos.
  6708 | D:5      | Reached skill level 1 in Air Magic
  8287 | D:7      | Found a broken altar of Ashenzari.
  8368 | D:7      | Reached skill level 8 in Dodging
  9283 | D:8      | Noticed a two-headed ogre
  9302 | D:8      | Killed a two-headed ogre
  9397 | D:8      | Reached XP level 10. HP: 45/45 MP: 15/21
  9774 | D:9      | Noticed a two-headed ogre
  9781 | D:9      | Killed a two-headed ogre
  9782 | D:9      | Reached skill level 9 in Dodging
 10909 | D:10     | Entered Level 10 of the Dungeon
 11198 | D:10     | Found a staircase to the Lair.
 11229 | D:10     | Reached skill level 10 in Dodging
 11686 | D:10     | Learned a level 2 spell: Blink
 11723 | D:10     | Reached XP level 11. HP: 44/50 MP: 12/23
 12282 | D:10     | Reached skill level 5 in Air Magic
 12346 | D:10     | Learned a level 4 spell: Anguish
 12660 | D:10     | Reached skill level 1 in Translocations
 12739 | D:10     | Reached skill level 1 in Necromancy
 12813 | D:10     | Found a staircase to the Orcish Mines.
 13281 | Lair:1   | Entered Level 1 of the Lair of Beasts
 14047 | Lair:1   | Noticed a death yak
 14067 | Lair:1   | Killed a death yak
 14068 | Lair:1   | Reached skill level 11 in Dodging
 14070 | Lair:1   | Noticed a death yak
 14070 | Lair:1   | Noticed a death yak
 14080 | Lair:1   | Noticed a death yak
 14080 | Lair:1   | Killed a death yak
 14081 | Lair:1   | Noticed a death yak
 14086 | Lair:1   | Killed a death yak
 14094 | Lair:1   | Killed a death yak
 14140 | Lair:1   | Killed a death yak
 14141 | Lair:1   | Gained mutation: Your thick and shaggy fur keeps you warm.
                  | (AC +3, rC+) [Felid growth]
 14141 | Lair:1   | Reached XP level 12. HP: 56/56 MP: 1/25
 14579 | Lair:1   | Bought the ring of the Lusting Saviour {rPois rF++ Int+5
                  | Slay+4} for 1077 gold pieces
 14701 | Lair:2   | Noticed a boulder beetle
 14712 | Lair:2   | Killed a boulder beetle
 14965 | Lair:2   | Reached skill level 10 in Summonings
 14971 | Lair:2   | Reached skill level 5 in Translocations
 15048 | Lair:2   | Found a staircase to the Snake Pit.
 16012 | Lair:1   | Bought an amulet of magic regeneration for 450 gold pieces
 16118 | Lair:3   | Reached skill level 12 in Dodging
 16843 | Lair:3   | Reached skill level 5 in Necromancy
 17095 | Lair:3   | Found a staircase to the Shoals.
 17767 | Lair:4   | Reached XP level 13. HP: 61/61 MP: 22/27
 17887 | Lair:4   | Reached skill level 13 in Dodging
 18249 | Lair:4   | Identified the +0 rapier of the Forsaken Violins {flame,
                  | rC+}
 18262 | Lair:4   | Reached skill level 10 in Fighting
 18544 | Lair:5   | Entered Level 5 of the Lair of Beasts
 18588 | Lair:5   | Reached skill level 10 in Spellcasting
 18640 | Lair:5   | Reached skill level 14 in Dodging
 18774 | Lair:5   | Bought a scroll of fear for 60 gold pieces
 18774 | Lair:5   | Bought a scroll of amnesia for 60 gold pieces
 18774 | Lair:5   | Bought a scroll of teleportation for 45 gold pieces
 18774 | Lair:5   | Bought a scroll of teleportation for 45 gold pieces
 18936 | Lair:5   | Found a viscous altar of Jiyva.
 19133 | Lair:5   | Reached skill level 15 in Dodging
 19210 | Lair:5   | Noticed Kirke
 19239 | Lair:5   | Killed Kirke
 19277 | Lair:5   | Identified the +1 leather armour of Perfidy {rElec Will+
                  | Dex+3 Stlth+}
 20015 | Lair:5   | Reached XP level 14. HP: 69/69 MP: 29/29
 20149 | Lair:5   | Reached skill level 16 in Dodging
 20483 | Lair:5   | Got Natek's Volume of Rime
 21488 | Lair:5   | Found a staircase to the Slime Pits.
 21782 | Lair:5   | Found a corrupted altar of Lugonu.
 21782 | Lair:5   | Found a one-way gate to the infinite horrors of the Abyss.
 21799 | Lair:5   | Got Vehumet's Catalogue of Bruises
 21916 | Lair:4   | Bought a scroll of vulnerability for 48 gold pieces
 21916 | Lair:4   | Bought a scroll of silence for 114 gold pieces
 21916 | Lair:4   | Bought a scroll of blinking for 90 gold pieces
 22058 | Orc:1    | Entered Level 1 of the Orcish Mines
 22568 | Orc:2    | Entered Level 2 of the Orcish Mines
 22575 | Orc:2    | Learned a level 5 spell: Silence
 22745 | Orc:2    | Reached skill level 17 in Dodging
 23225 | Orc:2    | Found a staircase to the Elven Halls.
 23828 | Orc:2    | Found Uketes's Weapon Emporium.
 23828 | Orc:2    | Found Piraefru's Magic Scroll Boutique.
 23830 | Orc:2    | Found Azoi's General Store.
 23832 | Orc:2    | Found Bukkad's Distillery.
 23841 | Orc:2    | Bought a scroll of noise for 11 gold pieces
 23841 | Orc:2    | Bought a scroll of identify for 22 gold pieces
 23841 | Orc:2    | Bought a scroll of teleportation for 33 gold pieces
 23844 | Orc:2    | Bought a scroll of blinking for 127 gold pieces
 23844 | Orc:2    | Bought a potion of heal wounds for 85 gold pieces
 23844 | Orc:2    | Bought 2 scrolls of amnesia for 136 gold pieces
 23844 | Orc:2    | Bought a potion of curing for 51 gold pieces
 23849 | Orc:2    | Bought a potion of curing for 42 gold pieces
 23849 | Orc:2    | Bought 2 potions of curing for 84 gold pieces
 23849 | Orc:2    | Bought 2 potions of heal wounds for 140 gold pieces
 23849 | Orc:2    | Bought a potion of heal wounds for 70 gold pieces
 25316 | D:12     | Found an ancient bone altar of Kikubaaqudgha.
 25768 | D:13     | Reached skill level 18 in Dodging
 26285 | D:13     | Learned a level 4 spell: Summon Ice Beast
 26397 | D:13     | Reached skill level 1 in Ice Magic
 26564 | D:13     | Found a gate to the Vaults.
 26915 | D:14     | Reached XP level 15. HP: 67/76 MP: 24/30
 26977 | D:14     | Found the +9 staff of Olgreb {rPois∞}
 26996 | D:14     | Noticed Rupert
 27007 | D:14     | Killed Rupert
 27041 | D:14     | Noticed an emperor scorpion
 27041 | D:14     | Noticed an emperor scorpion
 27042 | D:14     | Found a runed translucent door.
 27042 | D:14     | Found a runed translucent gate.
 27042 | D:14     | Noticed an emperor scorpion
 27043 | D:14     | Found a runed translucent gate.
 27043 | D:14     | Noticed an emperor scorpion
 27053 | D:14     | Found a runed translucent gate.
 27055 | D:14     | Noticed an emperor scorpion
 27061 | D:14     | Found a runed translucent door.
 27352 | D:14     | Noticed Frances
 27367 | D:14     | Killed Frances
 27847 | D:14     | Reached skill level 19 in Dodging
 28627 | D:14     | Reached skill level 15 in Fighting
 28672 | D:14     | Reached skill level 5 in Ice Magic
 28702 | D:14     | Learned a level 4 spell: Leda's Liquefaction
 28995 | D:15     | Entered Level 15 of the Dungeon
 29491 | D:15     | Found a staircase to the Depths.
 30187 | Snake:1  | Entered Level 1 of the Snake Pit
 30607 | Snake:1  | Identified the +3 quarterstaff of Expedience {flame, rElec
                  | rC+ Will++ Stlth-}
 30919 | Snake:1  | Noticed Aizul
 30937 | Snake:1  | Killed Aizul
 31011 | Snake:1  | Found a sacrificial altar of Ru.
 31239 | Snake:1  | Reached skill level 20 in Dodging
 31239 | Snake:1  | Reached XP level 16. HP: 82/82 MP: 27/32
 32058 | Snake:2  | You fall into a shaft and drop 1 floor!
 32058 | Snake:3  | Found Lotsolin's General Store.
 32058 | Snake:3  | Found Enleb's Distillery.
 32058 | Snake:3  | Found Wugh's Antique Weapon Emporium.
 32058 | Snake:3  | Found Acafubb's Armour Shoppe.
 32673 | Snake:3  | Learned a level 3 spell: Tukima's Dance
 32704 | Snake:3  | Noticed Vashnia
 34378 | Snake:3  | Bought a book of Death for 704 gold pieces
 34464 | Snake:4  | Entered Level 4 of the Snake Pit
 35252 | Snake:4  | Reached skill level 21 in Dodging
 36682 | Snake:4  | Reached XP level 17. HP: 87/87 MP: 21/34
 37036 | Snake:4  | Got a serpentine rune of Zot
 37208 | Shoals:1 | Entered Level 1 of the Shoals
 37239 | Shoals:1 | Noticed a kraken
 37397 | Elf:1    | Entered Level 1 of the Elven Halls
 37678 | Vaults:1 | Entered Level 1 of the Vaults
 37700 | D:13     | Bought a ring of wizardry for 510 gold pieces
 39940 | D:13     | Learned a level 7 spell: Haunt
 42617 | Elf:1    | Identified the ring "Dizieri" {rElec rPois rC++ Dex+2
                  | Stlth+}
 43274 | Elf:1    | Identified the +5 chain mail of the Minstrel {Dex+6}
 43333 | Elf:2    | Paralysed by an air elemental for 1 turns
 43341 | Elf:2    | Paralysed by an air elemental for 1 turns
 43502 | Elf:2    | Found a flickering gateway to a bazaar.
 43508 | Bazaar   | Entered a bazaar
 43508 | Bazaar   | Found Eniarij's Jewellery Boutique.
 43508 | Bazaar   | Found Oveygiha's Antique Armour Shop.
 43508 | Bazaar   | Found Verer's Jewellery Shop.
 43508 | Bazaar   | Found Fybukk's Magic Scroll Boutique.
 43508 | Bazaar   | Found Dososk's Assorted Antiques.
 43527 | Bazaar   | Bought a scroll of blinking for 67 gold pieces
 43527 | Bazaar   | Bought a scroll of teleportation for 27 gold pieces
 43527 | Bazaar   | Bought a scroll of teleportation for 27 gold pieces
 43527 | Bazaar   | Bought a scroll of silence for 85 gold pieces
 43537 | Bazaar   | Bought a scroll of butterflies for 68 gold pieces
 43537 | Bazaar   | Bought a scroll of teleportation for 51 gold pieces
 43542 | Elf:2    | Paralysed by an air elemental for 1 turns
 43548 | Elf:2    | Paralysed by an air elemental for 1 turns
 43562 | Elf:2    | Paralysed by an air elemental for 1 turns
 43566 | Elf:2    | Killed by an exploding themself... ignited by their inner
                  | flame
 43567 | Elf:2    | Reached XP level 16. HP: -2/82 MP: 28/34
 43569 | Elf:2    | Noticed Asterion
 43580 | Elf:3    | Entered Level 3 of the Elven Halls
 44035 | Elf:3    | Found Yrory's Jewellery Shop.
 44079 | Elf:3    | Noticed a deep elf blademaster
 44081 | Elf:3    | Noticed a deep elf blademaster
 44684 | Shoals:2 | Found Veugh's Vocational Training.
 44919 | Shoals:1 | Killed a kraken
 45009 | Shoals:1 | Reached XP level 17. HP: 61/88 MP: 29/35
 47660 | Shoals:2 | Identified a scroll of acquirement
 47661 | Shoals:2 | Acquired a manual of Spellcasting
 48005 | Shoals:3 | Noticed Polyphemus
 48329 | Shoals:3 | Killed Polyphemus
 48953 | Shoals:3 | HP: 3/86 [faun/sling bullet (18)]
 48978 | Shoals:3 | Reached skill level 10 in Necromancy
 50174 | Shoals:4 | Entered Level 4 of the Shoals
 50359 | Shoals:4 | Paralysed by an air elemental for 1 turns
 50362 | Shoals:4 | Paralysed by an air elemental for 1 turns
 50607 | Shoals:4 | Paralysed by an air elemental for 1 turns
 51131 | Shoals:4 | Paralysed by an air elemental for 1 turns
 51573 | Shoals:4 | Paralysed by an air elemental for 1 turns
 51575 | Shoals:4 | Paralysed by an air elemental for 1 turns
 51755 | Shoals:4 | Reached skill level 15 in Spellcasting
 52092 | Shoals:4 | Paralysed by an air elemental for 1 turns
 52097 | Shoals:4 | Paralysed by an air elemental for 1 turns
 52256 | Shoals:4 | Reached XP level 18. HP: 34/94 MP: 19/38
 52261 | Shoals:4 | Identified the ring "Higatir" {rF+ rC+ Will+ Dex+2}
 52647 | Shoals:4 | Identified the +1 scale mail of the Heavens {Int+2}
 52809 | Shoals:4 | Killed from afar by a titan
 52810 | Shoals:4 | Reached XP level 17. HP: -16/90 MP: 31/37
 52815 | Shoals:4 | Got a barnacled rune of Zot
 52894 | Shoals:4 | Paralysed by an air elemental for 1 turns
 54074 | Elf:2    | Found a runed translucent gate.
 54074 | Elf:2    | Found a runed translucent gate.
 54074 | Elf:2    | Found a runed translucent gate.
 54160 | Elf:2    | Killed Asterion
 54474 | Shoals:1 | Bought Great Wizards, Vol. VII for 570 gold pieces
 54479 | Shoals:1 | Learned a level 4 spell: Passage of Golubria
 54792 | Elf:2    | HP: 4/88 [+4 short sword of electrocution (3)]
 54793 | Elf:2    | Slain by a +4 short sword of electrocution
 54794 | Elf:2    | Reached XP level 16. HP: -5/85 MP: 6/36
 55048 | Elf:2    | Slain by a +4 short sword of electrocution

Illustrated notes

Levels and vault maps discovered:
D:1:      eino_arrival_tree_alley, layout_basic, serial_glass, glass_columns_c,
          glass_columns_a
D:2:      layout_basic
D:3:      layout_loops_corners, uniq_jessica
D:4:      layout_basic, minmay_checkerbox
D:5:      layout_basic, nicolae_dithmenos_the_darkroom
D:6:      layout_basic, mainiacjoe_overflow_small_starburst,
          minmay_temple_entry_statues, gup_sewer_entry_pipe,
          kb_lookout_dungeons_type, minmay_liquid_box
D:7:      layout_layer_cave, ashenzari_altar_1
D:8:      layout_basic, minmay_misc_feat_encased, nicolae_shop_clearance
D:9:      layout_gridville, dreamdust_princess_corridor, grunt_ministairs_13,
          kennysheep_pointless_box
D:10:     layout_basic, david_lair_shrubbed,
          kennysheep_orc_monster_closet_entryway, introduction_to_nature_2
D:11:     layout_irregular_city
D:12:     layout_irregular_city, kiku_gazebo_pond_becter
D:13:     layout_roguey, grunt_vaults_entry_tiered
D:14:     minmay_crescents, layout_basic, hangedman_abyss_or_decor_passed,
          minmay_guarded_unrand_staff_of_olgreb, uniq_rupert, uniq_frances
D:15:     gammafunk_depths_entry_grave, layout_rooms, serial_park_tiny_1
Temple:   nicolae_temple_bog_church
Lair:1:   layout_long_grid
Lair:2:   layout_regular_city, minmay_snake_entry_guardpost_medium,
          dreamdust_mushroom_princess, nzn_sisyphean_effort
Lair:3:   layout_chaotic_city, elwin_shoals_entry_rooms, minmay_lindwurm_lava
Lair:4:   layout_loops_ring, serial_bayou_shore_b
Lair:5:   hellmonk_lair_end_abyssal_woods, layout_gridlike,
          minmay_slime_entry_oklob_open, minivault_25,
          chequers_serial_rivers_micro_d, st_stairs_13,
          chequers_serial_rivers_micro_b, minivault_27, uniq_kirke
Shoals:1: layout_shoals, nicolae_shoals_aquamancer_cove
Shoals:2: layout_shoals, nicolae_shop_vocational
Shoals:3: layout_shoals, portal_ice_cave_entry_pillars_1,
          nicolae_shoals_arrival_archipelago, uniq_polyphemus
Shoals:4: shoals_end_hellmonk_storm_palace [storm_palace_center_ruins,
          storm_palace_corner_pillars, storm_palace_corner_blocked,
          storm_palace_corner_grid, storm_palace_corner_pillars]
Snake:1:  hangedman_cross_veins, layout_gridlike, basic_altar, uniq_aizul
Snake:2:  layout_misc_corridors
Snake:3:  layout_basic, minmay_shoptagon, uniq_vashnia
Snake:4:  grunt_snake_rune_serpentine_throne, layout_rooms
Orc:1:    layout_caves, basic_altar
Orc:2:    st_orc_rangers, layout_caves, basic_altar, nicolae_orc_lava_tube
Elf:1:    nicolae_elf_arrival_aired_out, layout_loops_ring,
          kennysheep_underground_church, nicolae_concentric_dashed_squares_wild,
          hangedman_elf_disciples
Elf:2:    nicolae_elf_blades_crystal_corner, layout_rooms, serial_shops,
          bzr_in_the_mist, nicolae_elevator_lobby_asterisk, uniq_jorgrun,
          uniq_asterion
Elf:3:    elf_hall, layout_gridlike, serial_shops, shop,
          nicolae_shop_statue_plus, nicolae_shop_stone, shop
Vaults:1: vaults_mumra_minichess_inversion, grunt_vaults_hallway_long,
          vaults_room_hallway, st_hourglassy, dpeg_vaults_monster_row,
          vaults_room_corners, vaults_mumra_chevron,
          nicolae_vaults_three_branches, ontoclasm_vaults_decontamination,
          layout_vaults_omnicross

Skill      XL: |  1  2  3  4  5  6  7  8  9 10 11 12 13 14 15 16 17 |
---------------+----------------------------------------------------+-----
Spellcasting   | 3 4 5 6 7 8 9 10 11 12 15 | 15.5
Summonings     | 5 6 7 8 9 10 13 | 13.8
Hexes          | 1 2 3 5 7 8 |  8.0
Dodging        | 3 4 5 7 8 10 11 12 15 18 20 21 | 21.2
Fighting       | 1 2 3 5 6 7 8 9 12 14 15 16 18 | 18.6
Air Magic      | 3 4 5 7 |  7.0
Translocations | 4 5 |  5.0
Necromancy     | 3 5 9 11 | 11.1
Ice Magic      | 2 5 |  5.0
Stealth        | |  2.6

Action                     |  1- 3 |  4- 6 |  7- 9 | 10-12 | 13-15 | 16-18 || total
---------------------------+-------+-------+-------+-------+-------+-------++-------
  Melee: Unarmed           |    59 |    22 |    50 |    31 |    89 |    79 ||   330
         Bite              |     3 |     3 |     8 |     5 |    16 |    14 ||    49
         Punch             |       |     1 |       |       |     3 |     1 ||     5
   Cast: Summon Small Mamm |    17 |       |     2 |     3 |       |       ||    22
         Call Imp          |     6 |    18 |    22 |    36 |    71 |    93 ||   246
         Call Canine Famil |     1 |    17 |    35 |    66 |   156 |   211 ||   486
         Summon Guardian G |       |     2 |    42 |    68 |   185 |   256 ||   553
         Summon Lightning  |       |       |       |    37 |   140 |   210 ||   387
         Anguish           |       |       |       |    11 |    46 |    29 ||    86
         Blink             |       |       |       |     3 |     9 |    14 ||    26
         Summon Ice Beast  |       |       |       |       |    44 |   227 ||   271
         Leda's Liquefacti |       |       |       |       |     2 |     2 ||     4
         Haunt             |       |       |       |       |       |   110 ||   110
         Tukima's Dance    |       |       |       |       |       |    19 ||    19
 Invoke: Call Merchant     |       |       |       |     1 |     3 |     2 ||     6
    Use: Scroll            |     3 |       |     4 |     4 |    10 |    25 ||    46
         Potion            |       |       |       |       |     3 |     7 ||    10
   Stab: Sleeping          |     6 |     2 |       |       |       |       ||     8
         Distracted        |       |       |     1 |     3 |       |     1 ||     5
 Armour: Skin              |     1 |     2 |     5 |     1 |     7 |    15 ||    31
  Dodge: Dodged            |    43 |    24 |   114 |    95 |   372 |   771 ||  1419
